 Dungeon Crawl Stone Soup version 0.28.0-43-g3370ac3207 (webtiles) character file.

Game seed: 1943401419557588167

7007 crimpus the Basher (level 10, -4/88 HPs)
             Began as a Minotaur Berserker on Mar 17, 2022.
             Was an Elder of Trog.
             Slain by Erolcha
             ... wielding a +0 giant club
              (13 damage)
             ... on level 8 of the Dungeon.
             The game lasted 00:12:17 (8785 turns).

crimpus the Basher (Minotaur Berserker)             Turns: 8785, Time: 00:12:17

Health: -4/88      AC: 17    Str: 26    XL:     10   Next: 82%
Magic:  9/9        EV: 12    Int:  8    God:    Trog [****..]
Gold:   357        SH:  4    Dex: 10    Spells: 9/9 levels left

rFire   + . .      SeeInvis .   A - +9 spear of Qegycyos {freeze, Will+}
rCold   . . .      Faith    .   z - +0 buckler
rNeg    . . .      Spirit   .   a - +0 plate armour
rPois   +          Reflect  .   (helmet restricted)
rElec   .          Harm     .   k - +0 cloak {Stlth+}
rCorr   .          Rampage  .   s - +0 pair of gloves
Will    +....                   (no boots)
Stlth   ..........              (no amulet)
HPRegen 0.24/turn               B - ring of Esmyfrusm {rPois rF+ Int+4}
MPRegen 0.11/turn               d - +4 ring of evasion

@: lethally poisoned (-4 -> -6)
A: horns 2, retaliatory headbutt
a: Renounce Religion, Berserk, Trog's Hand, Brothers in Arms


You were on level 8 of the Dungeon.
You worshipped Trog.
Trog was greatly pleased with you.
You visited 1 branch of the dungeon, and saw 9 of its levels.

You collected 357 gold pieces.

Inventory:

Hand Weapons
 l - a +1 whip of freezing
 m - a +2 whip of flaming
 A - the +9 spear of Qegycyos (weapon) {freeze, Will+}
   (You found it on level 7 of the Dungeon)

   It freezes those it strikes, dealing additional cold damage.
   It can also slow down cold-blooded creatures.
   Will:      It increases your willpower.
Armour
 a - a +0 plate armour (worn)
 k - a +0 cloak of stealth (worn)
 s - a +0 pair of gloves (worn)
 z - a +0 buckler (worn)
Jewellery
 d - a +4 ring of evasion (right hand)
 h - a ring of flight
 y - a ring of ice
 B - the ring of Esmyfrusm (left hand) {rPois rF+ Int+4}
   (You found it on level 8 of the Dungeon)

   [ring of poison resistance]

   Int:       It affects your intelligence (+4).
   rF:        It protects you from fire.
   rPois:     It protects you from poison.
 C - a ring of protection from cold
Wands
 c - a wand of iceblast (14)
Scrolls
 f - 3 scrolls of teleportation
 i - a scroll of fear
 n - a scroll of fog
 t - 2 scrolls of identify
 u - a scroll of holy word {unknown}
 v - a scroll of noise {unknown}
 w - a scroll of enchant weapon {unknown}
 D - 2 scrolls of blinking {unknown}
Potions
 b - a potion of heal wounds {unknown}
 e - a potion of resistance
 g - a potion of attraction {unknown}
 j - 2 potions of lignification {unknown}
 o - 2 potions of ambrosia {unknown}
 p - 2 potions of might {unknown}
 q - 2 potions of degeneration {unknown}
 r - 5 potions of curing {unknown}
 x - a potion of invisibility


   Skills:
 + Level 7.8 Fighting
 - Level 11.4 Maces & Flails
 * Level 10.7 Polearms
 + Level 10.2 Armour
 - Level 3.0 Dodging
 + Level 3.5 Shields


You had 9 spell levels left.
You didn't know any spells.
Your spell library was empty.

Dungeon Overview and Level Annotations

Branches:
Dungeon (9/15)             Temple (0/1) D:5
   Lair: D:8-11         Orc: D:9-12

Altars:
Elyvilon
Fedhas
Kikubaaqudgha
Qazlal
Ru
Vehumet
The Shining One

Shops:
D:2 [

Annotations:
D:9 Erolcha


Innate Abilities, Weirdness & Mutations

You have a pair of horns on your head.
You reflexively headbutt those who attack you in melee.


Message History

The centaur zombie kicks you but does no damage.
The killer bee closely misses you. You furiously retaliate!
You headbutt the killer bee! The killer bee closely misses you.
You climb upwards.
Reactivating autopickup.
There is a stone staircase leading down here.
You barely miss the killer bee.
The killer bee is lightly wounded.
The killer bee stings you.
You are poisoned.
The killer bee poisons you! Something hits you but does no damage.
Deactivating autopickup; reactivate with Ctrl-A.
The killer bee stings you but does no damage.
You closely miss the killer bee. Your headbutt misses the killer bee.
The killer bee is lightly wounded.
You feel sick.
The killer bee stings you but does no damage.
Unknown command.
Unknown command.
You closely miss the killer bee. You headbutt the killer bee.
The killer bee is moderately wounded.
You feel sick. You block something's attack. The killer bee closely misses you.
Unknown command.
You miss the killer bee. You headbutt the killer bee.
The killer bee is heavily wounded.
You feel sick. The killer bee stings you. Something hits you!
Unknown command.
You puncture the killer bee! You freeze the killer bee.
You kill the killer bee!
Trog accepts your kill.
You feel sick.
No target in view!
No target in view!
You start resting.
You feel sick. Something hits you!
You start resting.
You feel sick. Something hits you!!
* * * LOW HITPOINT WARNING * * *
You start resting.
You feel sick. Something hits you.
* * * LOW HITPOINT WARNING * * *
You start resting.
You feel sick. Something hits you!
You die...

#### #.##.#
...##########.##.#
...'..........##.#
...#############.#
......# #.#
....#.### #.#
...##...# #.#
..#.###.########.#
.(.....[.......(@#
..#.....##########
.........#
##.....#.#
.....#.#<#
.....#..##
.....##.#
........#
....#####


There were no monsters in sight!

Vanquished Creatures
  Erica (D:8)
  3 skeletal warriors
  Pikel (D:3)
  A gargoyle (D:7)
  A wraith (D:8)
  A wyvern (D:8)
  A yak (D:6)
  5 water moccasins
  A sky beast (D:7)
  An orc warrior (D:7)
  3 black bears
  An ice beast (D:5)
  3 necrophages (D:5)
  2 ogres
  5 centaurs
  A phantom (D:5)
  A gnoll sergeant (D:6)
  3 bullfrogs
  A scorpion (D:5)
  A water moccasin skeleton (D:7)
  6 killer bees
  4 wights (D:8)
  A howler monkey (D:7)
  A bullfrog zombie (D:6)
  A centaur zombie (D:7)
  3 hounds
  2 orc priests
  A centaur skeleton (D:6)
  A jelly (D:6)
  Crazy Yiuf (D:2)
  A bullfrog skeleton (D:5)
  3 iguanas
  4 orc wizards
  A killer bee zombie (D:8)
  A hound skeleton (D:4)
  4 adders
  13 gnolls
  3 white imps
  2 dart slugs
  18 orcs
  3 bats
  A bat zombie (D:7)
  6 endoplasms
  3 giant cockroaches
  4 goblins
  8 hobgoblins
  3 jackals (D:1)
  7 kobolds
  4 quokkas
  5 ball pythons
  4 frilled lizards
  15 rats
  2 rat zombies (D:7)
173 creatures vanquished.

Vanquished Creatures (others)
  An orc wizard (D:6)
  2 fungi (D:2)
  5 plants
8 creatures vanquished.

Grand Total: 181 creatures vanquished

Notes
Turn   | Place    | Note
-------+----------+-------------------------------------------
     0 | D:1      | crimpus the Minotaur Berserker began the quest for the Orb.
     0 | D:1      | Reached XP level 1. HP: 19/19 MP: 0/0
   109 | D:1      | Reached XP level 2. HP: 25/27 MP: 1/1
   235 | D:1      | Found a faded altar of an unknown god.
   240 | D:1      | Reached skill level 4 in Maces & Flails
   450 | D:1      | Reached ** piety under Trog
   583 | D:1      | Reached XP level 3. HP: 33/33 MP: 2/2
   838 | D:2      | Found Zoel's Antique Armour Emporium.
   939 | D:2      | Reached skill level 5 in Maces & Flails
   939 | D:2      | Reached XP level 4. HP: 17/41 MP: 3/3
  1644 | D:2      | Found a runed translucent door.
  1645 | D:2      | Noticed Crazy Yiuf
  1652 | D:2      | Killed Crazy Yiuf
  1798 | D:3      | Identified the +0 robe of the Mantidfly {rPois rCorr}
  1959 | D:3      | Reached XP level 5. HP: 47/47 MP: 4/4
  2266 | D:4      | Noticed a lemure
  2272 | D:4      | Noticed a lemure
  2272 | D:4      | Noticed a lemure
  2273 | D:4      | Noticed Pikel
  2274 | D:4      | Noticed a lemure
  2283 | D:3      | Killed Pikel
  2284 | D:3      | Reached skill level 5 in Fighting
  2284 | D:3      | Reached skill level 7 in Maces & Flails
  2284 | D:3      | Reached skill level 5 in Armour
  2284 | D:3      | Reached XP level 6. HP: 56/56 MP: 5/5
  2284 | D:3      | Reached XP level 7. HP: 61/61 MP: 6/6
  2622 | D:5      | Entered Level 5 of the Dungeon
  2714 | D:5      | Reached skill level 8 in Maces & Flails
  2788 | D:5      | Reached *** piety under Trog
  2805 | D:5      | Reached XP level 8. HP: 61/70 MP: 7/7
  2965 | D:5      | Reached skill level 9 in Maces & Flails
  3138 | D:5      | Found a radiant altar of Vehumet.
  3496 | D:5      | Found a staircase to the Ecumenical Temple.
  3771 | D:6      | Reached skill level 10 in Maces & Flails
  4129 | D:6      | Reached XP level 9. HP: 78/78 MP: 8/8
  4708 | D:6      | Found a glowing golden altar of the Shining One.
  6073 | D:7      | Noticed a gargoyle
  6079 | D:7      | Killed a gargoyle
  6080 | D:7      | Reached skill level 11 in Maces & Flails
  6083 | D:7      | Reached skill level 10 in Armour
  6206 | D:7      | Identified the +9 spear of Qegycyos {freeze, Will+}
  6391 | D:7      | Reached skill level 1 in Shields
  6398 | D:7      | Reached skill level 1 in Polearms
  6561 | D:7      | Reached **** piety under Trog
  6799 | D:7      | Found a stormy altar of Qazlal.
  6799 | D:7      | Found a faded altar of an unknown god.
  6806 | D:7      | Found a white marble altar of Elyvilon.
  6808 | D:7      | Found a blossoming altar of Fedhas.
  6813 | D:7      | Reached XP level 10. HP: 88/88 MP: 9/9
  6813 | D:7      | Found a faded altar of an unknown god.
  6954 | D:7      | Found an ancient bone altar of Kikubaaqudgha.
  7092 | D:7      | Found a sacrificial altar of Ru.
  7122 | D:8      | Reached skill level 5 in Polearms
  7269 | D:8      | Identified the ring of Esmyfrusm {rPois rF+ Int+4}
  7401 | D:8      | Noticed Erica
  7407 | D:8      | Noticed a skeletal warrior
  7409 | D:8      | Killed Erica
  7419 | D:8      | Noticed a skeletal warrior
  7420 | D:8      | Noticed a skeletal warrior
  7430 | D:7      | Killed a skeletal warrior
  7941 | D:9      | Killed a skeletal warrior
  8458 | D:8      | Killed a skeletal warrior
  8459 | D:8      | Reached skill level 10 in Polearms
  8772 | D:9      | Noticed Erolcha
  8785 | D:8      | Slain by Erolcha

Illustrated notes

Levels and vault maps discovered:
D:1:      lightli_iron_boxes, layout_basic, chequers_ecumenical_altar_island,
          minmay_rat_gold_closets
D:2:      layout_rooms, serial_shops, shop_coins, nicolae_grassy_gnolls,
          uniq_crazy_yiuf_cottage
D:3:      layout_basic, corexii_shack, hangedman_feature_mirror,
          hangedman_feature_mirror
D:4:      layout_basic, serial_shops, nicolae_shop_hallway_plus, uniq_pikel
D:5:      layout_loops_ring, general_overflow_altar,
          minmay_temple_entry_gardened_gates
D:6:      nicolae_whirlpool, layout_layer_cave,
          mainiacjoe_overflow_small_starburst, minmay_microvault
D:7:      layout_loops_ring, lemuel_zombie_altar_kikubaaqudgha,
          nicolae_ru_path_of_blood, chequers_temple_overflow_minitemple
D:8:      layout_basic, uniq_erica
D:9:      cheibrodos_iron_armory, layout_rooms, kennysheep_little_box,
          nicolae_overflow_hidden_temple, kb_rosetta, uniq_maurice, uniq_erolcha

Skill      XL: |  1  2  3  4  5  6  7  8  9 10 |
---------------+-------------------------------+-----
Maces & Flails | 4 5 7 8 10 11 | 11.4
Fighting       | 4 5 6 7 |  7.8
Armour         | 3 5 6 8 10 | 10.2
Dodging        | 3 |  3.0
Shields        | 1 3 |  3.5
Polearms       | 4 10 | 10.7

Action                   |  1- 3 |  4- 6 |  7- 9 | 10-12 || total
-------------------------+-------+-------+-------+-------++-------
Melee: Mace              |   107 |    34 |       |       ||   141
       Headbutt          |    10 |    14 |    55 |    22 ||   101
       Punch             |     1 |       |     3 |       ||     4
       Whip              |       |    28 |   185 |       ||   213
       Spear             |       |       |    59 |    98 ||   157
Invok: Berserk           |     1 |     2 |     4 |     3 ||    10
  Use: Scroll            |       |     4 |     2 |     2 ||     8
Armor: Chain mail        |    82 |    23 |    23 |       ||   128
       Animal skin       |     1 |       |       |       ||     1
       Plate armour      |       |       |   133 |    33 ||   166
Dodge: Dodged            |    57 |    15 |   116 |    32 ||   220
Block: Buckler           |       |       |    20 |     7 ||    27
